 Dungeon Crawl Stone Soup version 0.29.1-14-g9c671dbff4 (webtiles) character file.

Game seed: 3428147797772292809

13 DemonSlayer the Digger (level 2, -1/19 HPs)
             Began as a Demonspawn Earth Elementalist on Feb 18, 2023.
             Slain by a quokka (2 damage)
             ... on level 1 of the Dungeon.
             The game lasted 00:00:56 (301 turns).

DemonSlayer the Digger (DsEE)                        Turns: 301, Time: 00:00:56

Health: -1/19      AC:  2    Str:  8    XL:     2   Next: 24%
Magic:  0/5        EV: 12    Int: 16    God:
Gold:   17         SH:  0    Dex: 13    Spells: 4/5 levels left

rFire   . . .      SeeInvis .   (no weapon)
rCold   . . .      Faith    .   (no shield)
rNeg    . . .      Spirit   .   a - +0 robe
rPois   .          Reflect  .   (no helmet)
rElec   .          Harm     .   (no cloak)
rCorr   .          Rampage  .   (no gloves)
Will    .....                   (no boots)
Stlth   ++........              (no amulet)
HPRegen 0.06/turn               (no ring)
MPRegen 0.18/turn               (no ring)

@: very slightly contaminated
A: magic regeneration
a: no special abilities


You were on level 1 of the Dungeon.
You visited 1 branch of the dungeon, and saw 1 of its levels.

You collected 17 gold pieces.

Inventory:

Armour
 a - a +0 robe (worn)
Scrolls
 c - 2 scrolls of identify {unknown}
 d - 2 scrolls of blinking {unknown}
Potions
 b - 2 potions of curing {unknown}


   Skills:
 + Level 1.7 Dodging
 + Level 2.0 Stealth
 + Level 2.2 Spellcasting
 + Level 0.8 Transmutations
 + Level 3.0 Earth Magic


You had 4 spell levels left.
You knew the following spells:

 Your Spells              Type           Power      Damage    Failure   Level
a - Sandblast             Erth           22%        2d7       6%          1

Your spell library contained the following spells:

 Spells                   Type           Power      Damage    Failure   Level
 Passwall                 Tmut/Erth      6%         N/A       14%         2
 Stone Arrow              Conj/Erth      12%        3d7       32%         3
 Petrify                  Tmut/Erth      8%         N/A       65%         4


Dungeon Overview and Level Annotations

Branches:
Dungeon (1/15)

Altars:


Innate Abilities, Weirdness & Mutations

You regenerate magic rapidly.


Message History

You kill the kobold!
The quokka closely misses you. The quokka bites you.
The blast of sand hits the endoplasm.
The endoplasm is heavily wounded.
The quokka barely misses you. The endoplasm closely misses you.
The endoplasm freezes you.
You are frozen.
The quokka closely misses you.
You miscast Sandblast.
Nothing appears to happen.
The quokka barely misses you. The endoplasm freezes you.
You are frozen.
You are too injured to fight recklessly!
You are too injured to fight recklessly!
You are too injured to fight recklessly!
The endoplasm attacks as you move away! The endoplasm hits you.
The quokka attacks as you move away! The quokka closely misses you.
The quokka bites you but does no damage.
The quokka attacks as you move away! The quokka bites you.
Casting: Sandblast (safe; 6% risk of failure)
Confirm with . or Enter, or press ? or * to list all spells.
Aiming: Sandblast (safe; 6% risk of failure)
Press: ? - help, Shift-Dir - straight line, f/p - endoplasm
Aim: an endoplasm (heavily wounded, 98% to hit)
The blast of sand misses the quokka.
The blast of sand hits the endoplasm!
You kill the endoplasm!
The quokka barely misses you. The quokka closely misses you.
Unknown command.
Okay, then.
The quokka attacks as you move away! The quokka bites you.
* * * LOW HITPOINT WARNING * * *
Casting: Sandblast (safe; 6% risk of failure)
Confirm with . or Enter, or press ? or * to list all spells.
Aiming: Sandblast (safe; 6% risk of failure)
Press: ? - help, Shift-Dir - straight line, f - quokka
Aim: a quokka (75% to hit)
The blast of sand hits the quokka.
The quokka is almost dead.
The quokka bites you.
* * * LOW HITPOINT WARNING * * *
The quokka bites you.
You die...

........$#####.#### #
........(##.[.....# ..
.........##.......###...
...>........>...........
....................#
.........##.......#
....[.)..##..)...!#
........!.........#
............#.#@##.###
.............#.#r##.#
............##.#.#..#
...........###......#
.....####.# #......###
........#.####.#.#....######
................(..........#
....>##..........###..######
.....# #.....#####...#


You could see a quokka.

Vanquished Creatures
  A dart slug (D:1)
  3 endoplasms (D:1)
  A goblin (D:1)
  A ball python (D:1)
  2 bats (D:1)
  2 kobolds (D:1)
10 creatures vanquished.

Notes
Turn   | Place    | Note
-------+----------+-------------------------------------------
     0 | D:1      | DemonSlayer the Demonspawn Earth Elementalist began the
                  | quest for the Orb.
     0 | D:1      | Reached XP level 1. HP: 13/13 MP: 3/3
   233 | D:1      | Gained mutation: You regenerate magic rapidly. [demonic
                  | ancestry]
   233 | D:1      | Reached XP level 2. HP: 18/19 MP: 0/5
   240 | D:1      | Reached skill level 3 in Earth Magic
   301 | D:1      | Slain by a quokka

Illustrated notes

Levels and vault maps discovered:
D:1:      erik_arrival_blinker_ship, layout_rooms, serial_shops, shop

Skill      XL: |  1  2 |
---------------+-------+-----
Stealth        | 2 |  2.0
Earth Magic    | 3 |  3.0
Dodging        | |  1.7
Spellcasting   | |  2.2
Transmutations | |  0.8

Action                   || total
-------------------------++-------
Melee: Unarmed           ||     1
 Cast: Sandblast         ||    14
  Use: Potion            ||     1
Armor: Robe              ||     3
Dodge: Dodged            ||    18
